 Dungeon Crawl Stone Soup version 0.31-a0-210-gccc998df9b (webtiles) character file.

Game seed: 12548515206236435878

475 promet the Covert (level 7, -10/45 HPs)
             Began as an Octopode Brigand on June 29, 2023.
             Mangled by a shadow (29 damage)
             ... on level 7 of the Dungeon on June 30, 2023.
             The game lasted 00:26:24 (5426 turns).

promet the Covert (Octopode Brigand)                Turns: 5426, Time: 00:26:25

Health: -10/45     AC:  1    Str: 16    XL:     7   Next: 10%
Magic:  7/7        EV: 11    Int: 13    God:
Gold:   180        SH:  0    Dex: 16    Spells: 6/6 levels left

rFire   . . .        a - +2 dagger
rCold   . . .        l - +0 kite shield
rNeg    . . .        (helmet restricted)
rPois   +            A - amulet of regeneration
rElec   .            m - ring of poison resistance
rCorr   .            f - +6 ring of strength
SInv    .            (no ring)
Will    .....        (no ring)
Stlth   +++          (no ring)
HPRegen 0.27/turn    (no ring)
MPRegen 0.10/turn    (no ring)
                     (no ring)

%: no passive effects
@: confused, ambrosia-drunk, hasted, very quick
A: almost no armour, amphibious, 8 rings, camouflage 1, gelatinous body 1,
(nimble swimmer 1), tentacles
a: no special abilities


You were on level 7 of the Dungeon.
You visited 1 branch of the dungeon, and saw 7 of its levels.

You collected 180 gold pieces.

Inventory:

Hand Weapons
 a - a +2 dagger (weapon)
 b - a +0 sling
 h - a +1 flail of holy wrath
 k - a +1 dagger of pain
 o - a +0 trident
 p - a +0 battleaxe
 t - a +0 rapier
 v - a +4 whip
 y - the +7 Throatcutter {drain, coup de grace}
   (You found it on level 5 of the Dungeon)
Missiles
 c - 2 curare-tipped darts
 g - 55 stones
 i - 20 poisoned darts (quivered)
 r - 2 boomerangs
Armour
 l - a +0 kite shield (worn)
Jewellery
 f - a +6 ring of strength (right tentacle)
 m - a ring of poison resistance (left tentacle)
 A - an amulet of regeneration (around mantle)
Wands
 s - a wand of charming (8)
Scrolls
 j - a scroll of identify
Potions
 d - a potion of mutation
 e - 2 potions of magic
 q - a potion of enlightenment {unknown}
 x - a potion of berserk rage {unknown}
 z - a potion of brilliance {unknown}


   Skills:
 + Level 2.9 Fighting
 + Level 2.6 Short Blades
 + Level 2.3 Throwing
 + Level 1.4 Dodging
 * Level 10.2 Stealth
 + Level 1.3 Shields


You had 6 spell levels left.
You didn't know any spells.
Your spell library contained the following spells:

 Spells                   Type           Power      Damage    Failure   Level
 Magic Dart               Conj           0%         1d3       69%         1
 Summon Small Mammal      Summ           0%         N/A       69%         1
 Call Imp                 Summ           0%         N/A       83%         2
 Call Canine Familiar     Summ           0%         N/A       96%         3
 Ignite Poison            Fire/Tmut/Pois 0%         N/A       96%         3
 Mephitic Cloud           Conj/Pois/Air  0%         N/A       96%         3
 Summon Guardian Golem    Hex/Summ       0%         N/A       96%         3
 Sticky Flame             Conj/Fire      0%         2d3       100%        4
 Ignition                 Fire           0%         3d3       100%        8


Dungeon Overview and Level Annotations

Branches:
Dungeon (8/15)
 Temple: D:4-7         Lair: D:8-11

Altars:

Shops:
D:1 ?   D:2 ?


Innate Abilities, Weirdness & Mutations

You cannot wear most types of armour.
You are amphibious.
You can wear up to eight rings at the same time.
Your skin changes colour to match your surroundings (Stealth+).
Your rubbery body absorbs attacks. (AC +1, EV +1)
((You are camouflaged when in or above water. (Stealth+)))
You have tentacles for arms and can constrict up to eight enemies at once.


Message History

Ouch! That really hurt!
Reactivating autopickup.
You continue putting on your amulet of regeneration.
The shadow hits you!
* * * LOW HITPOINT WARNING * * *
You continue putting on your amulet of regeneration.
The shadow closely misses you.
You finish putting on your amulet of regeneration.
The amulet cannot attune itself to your injured body.
A - an amulet of regeneration (around mantle)
As you read the scroll of teleportation, it crumbles to dust.
You feel strangely unstable. The shadow hits you!
* * * LOW HITPOINT WARNING * * *
The shadow slips into darkness.
The shadow flickers and vanishes!
Deactivating autopickup; reactivate with Ctrl-A.
Your surroundings suddenly seem different.
A hound comes into view.
Found a potion of haste.
You start resting.
You hear the faint creaking of a portcullis very nearby.
You start resting.
A shadow appears from thin air!
Reactivating autopickup.
A shadow opens the door.
Okay, then.
You feel yourself speed up. The shadow hits you!
* * * LOW HITPOINT WARNING * * *
The shadow slips into darkness.
The shadow flickers and vanishes!
Deactivating autopickup; reactivate with Ctrl-A.
There is an open door here.
Okay, then.
It was a potion of ambrosia.
You are confused.
You feel invigorated.
You bump into the rock wall.
The shadow strikes at you from the darkness!
Ouch! That really hurt!
You die...

........##...##
#..##..>##...##..
######.............
............/######
.S...............
##+##...##..####
##...##..#
#....#...#
#...@#...# ##...#
..# #####


There were no monsters in sight!

Vanquished Creatures
  An ogre (D:5)
  A scorpion (D:5)
  A howler monkey (D:4)
  A hound (D:5)
  A jelly (D:5)
  3 gnolls
  9 adders
  A shadow imp (D:5)
  2 white imps
  3 ufetubi
  2 worms (D:2)
  3 dart slugs
  4 orcs
  3 endoplasms
  A giant cockroach (D:3)
  3 goblins
  10 hobgoblins
  7 jackals
  3 quokkas
  3 ball pythons
  3 bats
  3 frilled lizards
  11 kobolds
  5 rats
84 creatures vanquished.

Notes
Turn   | Place    | Note
-------+----------+-------------------------------------------
     0 | D:1      | promet the Octopode Brigand began the quest for the Orb.
     0 | D:1      | Reached XP level 1. HP: 14/14 MP: 1/1
    23 | D:1      | Found Fadiolup's Magic Scroll Emporium.
   223 | D:1      | Reached skill level 6 in Stealth
   223 | D:1      | Reached XP level 2. HP: 17/19 MP: 2/2
   858 | D:2      | Reached XP level 3. HP: 24/24 MP: 3/3
   886 | D:2      | Found a faded altar of an unknown god.
  1303 | D:2      | Reached skill level 7 in Stealth
  1440 | D:2      | Found Alyisoky's Magic Scroll Boutique.
  1445 | D:2      | Reached XP level 4. HP: 29/29 MP: 4/4
  2105 | D:3      | Reached skill level 8 in Stealth
  2331 | D:4      | Reached XP level 5. HP: 27/34 MP: 5/5
  3580 | D:4      | Reached skill level 9 in Stealth
  4200 | D:5      | Entered Level 5 of the Dungeon
  4210 | D:5      | Reached XP level 6. HP: 31/41 MP: 6/6
  4389 | D:5      | Reached skill level 1 in Shields
  4628 | D:5      | Found the +7 Throatcutter {drain, coup de grace}
  4874 | D:5      | Reached skill level 10 in Stealth
  4874 | D:5      | Reached XP level 7. HP: 45/45 MP: 7/7
  5173 | D:5      | You fall into a shaft and drop 3 floors!
  5333 | D:7      | Noticed a shadow
  5353 | D:7      | HP: 2/45 [shadow (11)]
  5393 | D:7      | HP: 2/45 [shadow (11)]
  5426 | D:7      | Mangled by a shadow

Illustrated notes

Levels and vault maps discovered:
D:1:      sevenhm_arrival_forest_fort_small_4, layout_rooms, serial_shops,
          nicolae_shop_waterfront
D:2:      layout_loops_ring, ebering_ecumenical_altar_sacrificial, serial_shops,
          nicolae_shop_advertising_works [nicolae_subvault_shop_adworks],
          kennysheep_minor_cross, minmay_door_square
D:3:      layout_loops_ring
D:4:      layout_basic, kennysheep_cluttered_room, kennysheep_generic_room_15
D:5:      layout_rooms, serial_demonic, serial_demonic_f, serial_demonic_g,
          serial_demonic_a, serial_demonic_f, serial_demonic_e, serial_demonic_e
D:7:      layout_gridville, enter_bailey_5, serial_shops, nicolae_shop_rolled_up
D:8:      layout_cave_pools, serial_co_window_serial, co_window_paths_a,
          co_window_corner_a, co_window_corner_a, co_window_corner_a,
          co_window_corner_a, co_window_corner_a, co_window_broadway_c,
          co_window_corner_b, co_window_broadway_a, co_window_corner_b,
          co_window_broadway_b, co_window_paths_e, glass_columns_b,
          kennysheep_another_room, due_unseen_surprise

Skill      XL: |  1  2  3  4  5  6 |
---------------+-------------------+-----
Stealth        | 6 7 8 9 10 | 10.2
Shields        | 1 |  1.3
Fighting       | |  2.9
Short Blades   | |  2.6
Throwing       | |  2.3
Dodging        | |  1.4

Action                     |  1- 3 |  4- 6 |  7- 9 || total
---------------------------+-------+-------+-------++-------
  Melee: Dagger            |    51 |    96 |     5 ||   152
         Constrict         |    14 |    28 |     1 ||    43
         Tentacles         |    11 |    29 |     1 ||    41
  Throw: Boomerang         |       |     5 |       ||     5
         Dart              |       |     6 |       ||     6
    Use: Scroll            |     1 |     9 |     2 ||    12
         Potion            |       |       |     2 ||     2
   Stab: Sleeping          |    12 |    16 |     1 ||    29
 Armour: Skin              |     5 |     7 |       ||    12
  Dodge: Dodged            |    24 |    28 |     1 ||    53
  Block: Kite shield       |       |    36 |     1 ||    37

Table legend: (Time is in decaauts)
 A = Elapsed time spent in this place.
 B = Non-inter-level travel time spent in this place.
 C = Inter-level travel time spent in this place.
 D = Time resting spent in this place.
 E = Time spent auto-exploring this place.
 F = Levels seen in this place.
 G = Mean time per level.
                   A        B        C        D        E       F      G
               +--------+--------+--------+--------+--------+-----+--------+
         Total |   5429 |   5217 |    212 |   2063 |   1151 |   7 |  775.6 |
       Dungeon |   5429 |   5217 |    212 |   2063 |   1151 |   7 |  775.6 |
               +--------+--------+--------+--------+--------+-----+--------+

Top non-repeatable levels by time:
     D:4: 1860 daAuts
     D:2: 1063 daAuts
     D:3: 822 daAuts
     D:5: 785 daAuts
     D:1: 656 daAuts
     D:8: 159 daAuts
     D:7: 81 daAuts
